 Dungeon Crawl Stone Soup version 0.23.2-40-g277498a001 (webtiles) character file.

Game seed: 18086162568504482855

38 Descartes the Vexing (level 3, 0/15 HPs)
             Began as a Felid Enchanter on Sept 7, 2019.
             Slain by an adder (3 damage)
             ... on level 2 of the Dungeon.
             The game lasted 00:05:37 (1150 turns).

Descartes the Vexing (Felid Enchanter)              Turns: 1150, Time: 00:05:37

Health: 0/15       AC:  1    Str:  5    XL:     3   Next: 25%
Magic:  0/7        EV: 18    Int: 16    God:
Gold:   39         SH:  0    Dex: 16    Spells: 3/6 levels left
                                        Lives:  0   Deaths: 0

rFire    . . .     SeeInvis +     - Unarmed
rCold    . . .     Gourm    .   (shield unavailable)
rNeg     . . .     Faith    .   (armour unavailable)
rPois    .         Spirit   +   (helmet unavailable)
rElec    .         Reflect  .   (cloak unavailable)
rCorr    .         Harm     .   (gloves unavailable)
MR       .....                  (boots unavailable)
Stlth    +++.......             l - amulet of guardian spirit
HPRegen  0.05/turn              (no ring)
MPRegen  0.10/turn              (no ring)

@: lethally poisoned (0 -> -8), quick
A: very small, no armour, no weapons or thrown items, stealth, claws 1, fangs 3,
see invisible, carnivore, speed 1, shaggy fur 1, slow metabolism 1, sharp paws
a: no special abilities


You were on level 2 of the Dungeon.
You were completely stuffed.

You visited 1 branch of the dungeon, and saw 2 of its levels.

You collected 39 gold pieces.

Inventory:

Missiles
 a - 68 stones
 c - 13 arrows
Jewellery
 l - an amulet of guardian spirit (around neck)
Scrolls
 f - a scroll of noise {unknown}
 j - a scroll of blinking {unknown}
Potions
 d - a potion of flight {unknown}
 e - a potion of brilliance {unknown}
 g - a potion of lignification {unknown}
 h - a potion of mutation {unknown}
 i - a potion of cancellation {unknown}
 k - 3 potions of degeneration {unknown}
Comestibles
 b - 5 rations
 m - 2 chunks of flesh


   Skills:
 + Level 0.5 Fighting
 + Level 2.9 Dodging
 * Level 4.4 Stealth
 + Level 1.4 Unarmed Combat
 * Level 2.3 Spellcasting
 * Level 4.9 Hexes
 * Level 0.3 Ice Magic


You had 3 spell levels left.
You knew the following spells:

 Your Spells              Type           Power        Failure   Level  Hunger
a - Corona                Hex            ###....      2%          1    #......
b - Ensorcelled Hibernat  Hex/Ice        ##....       11%         2    ###....

Your spell library contained the following spells:

 Spells                   Type           Power        Failure   Level  Hunger
 Confuse                  Hex            ###.....     8%          3    ###....
 Tukima's Dance           Hex            ###.....     8%          3    ###....
 Dazzling Spray           Conj/Hex       #.....       22%         3    ###....


Dungeon Overview and Level Annotations

Branches:
Dungeon (2/15)

Altars:


Innate Abilities, Weirdness & Mutations

You cannot wear armour.
You are incapable of wielding weapons or throwing items.
Your paws allow you to move quietly. (Stealth)
You have sharp claws.
You have razor-sharp teeth.
You have supernaturally acute eyesight. (SInv)
You are carnivorous and can eat meat at any time.
You cover ground quickly.
You are covered in fur. (AC +1)
You have a slow metabolism.
Your sharp claws are effective at attacking unaware monsters.


Message History

You feel sick.
You feel sick.
You are no longer poisoned.
The adder bites you.
Your magical contamination has completely faded away.
The adder misses you.
Casting: Ensorcelled Hibernation (safe; 11% risk of failure)
Confirm with . or Enter, or press ? or * to list all spells.
Aiming: Ensorcelled Hibernation (safe; 11% risk of failure)
Press: ? - help, Shift-Dir - straight line, f/p - adder
Aim: an adder (chance to defeat MR: 50%)
The adder resists with some effort.
The adder bites you. The adder bites you.
* * * LOW HITPOINT WARNING * * *
You are lethally poisoned!
The adder poisons you!
You scratch the adder but do no damage.
* * * LOW HITPOINT WARNING * * *
You feel sick. The adder bites you.
You die...

##.)....# ###'###...........###
...#.#### #.# #......#....#
##.#.####### #.###......#....#
...#.#.....# #..##......#....#
####.#.....#####.##......######
#.#...................#
#.#.............##.##.#
#.....................#
###.........S@..##.####
######........##.# **
#........##.# *,
#........##.######## *,
########.##.#......# *,
#..#.#......# *,
#########.#.#.....†# *,
#......÷..#.#......###,
#...........#..(.......


You could see an adder.

Vanquished Creatures
  An adder (D:2)
  2 dart slugs
  A ball python (D:1)
  3 bats (D:1)
  3 goblins (D:1)
  4 hobgoblins (D:1)
  2 jackals (D:2)
  3 kobolds (D:2)
  A frilled lizard (D:2)
  5 rats
25 creatures vanquished.

Notes
Turn   | Place    | Note
-------+----------+-------------------------------------------
     0 | D:1      | Descartes the Felid Enchanter began the quest for the Orb.
     0 | D:1      | Reached XP level 1. HP: 7/7 MP: 4/4
   198 | D:1      | Reached XP level 2. HP: 11/11 MP: 6/6
   562 | D:1      | Learned a level 2 spell: Ensorcelled Hibernation
   719 | D:2      | Reached XP level 3. HP: 15/15 MP: 5/7
  1150 | D:2      | Slain by an adder

Action                   || total
-------------------------++-------
Melee: Unarmed           ||    56
       Bite              ||     3
 Cast: Corona            ||     7
       Ensorcelled Hiber ||     4
  Use: Scroll            ||     1
 Stab: Sleeping          ||    11
       Distracted        ||     1
  Eat: Chunk             ||     8
Armor: Skin              ||     1
Dodge: Dodged            ||    57
